 Dungeon Crawl Stone Soup version 0.29-a0-643-ga013cefcf8 (webtiles) character file.

Game seed: 4390230754571275421

314 xian the Covered (level 6, 0/37 HPs)
             Began as a Gargoyle Fighter on June 20, 2022.
             Slain by a centaur zombie (1 damage)
             ... in an ossuary.
             The game lasted 00:10:39 (3461 turns).

xian the Covered (Gargoyle Fighter)                 Turns: 3461, Time: 00:10:42

Health: 0/37       AC: 12    Str: 27    XL:     6   Next: 43%
Magic:  6/6        EV:  9    Int:  9    God:
Gold:   133        SH:  5    Dex: 17    Spells: 5/5 levels left

rFire   . . .      SeeInvis .   n - +10 dagger "Fyuruama" {vorpal, Dex+2}
rCold   . . .      Faith    .   c - +0 buckler
rNeg    + . .      Spirit   .   b - +0 scale mail
rPois   ∞          Reflect  .   k - +0 helmet
rElec   +          Harm     .   (no cloak)
rCorr   .          Rampage  .   (no gloves)
Will    .....                   (no boots)
Stlth   ..........              r - amulet of magic regeneration
HPRegen 0.12/turn               i - +6 ring of strength
MPRegen 0.50/turn               f - +6 ring of dexterity

@: mighty, marked, attractive
A: sickness immunity, AC +4, negative energy resistance 1, electricity
resistance, torment resistance 1, petrification resistance
a: no special abilities


You were in an ossuary.
You visited 1 branch of the dungeon, and saw 4 of its levels.
You also visited: Ossuary.

You collected 133 gold pieces.

Inventory:

Hand Weapons
 n - the +10 dagger "Fyuruama" (weapon) {vorpal, Dex+2}
   (You found it on level 4 of the Dungeon)

   It inflicts extra damage upon your enemies.
   Dex:       It affects your dexterity (+2).
Missiles
 p - 3 boomerangs
 w - 6 atropa-tipped darts (quivered)
Armour
 b - a +0 scale mail (worn)
 c - a +0 buckler (worn)
 k - a +0 helmet (worn)
Jewellery
 e - a ring of flight
 f - a +6 ring of dexterity (right hand)
 i - a +6 ring of strength (left hand)
 l - a ring of fire
 r - an amulet of magic regeneration (around neck)
Scrolls
 g - a scroll of vulnerability
 h - a scroll of enchant weapon
 s - a scroll of amnesia {unknown}
 t - a scroll of teleportation
 v - a scroll of brand weapon
Potions
 j - 3 potions of curing {unknown}
 m - a potion of haste
 q - a potion of lignification {unknown}
 u - 2 potions of magic {unknown}


   Skills:
 + Level 3.6 Fighting
 + Level 1.1 Short Blades
 + Level 4.4 Maces & Flails
 + Level 4.9 Armour
 + Level 0.1 Dodging
 + Level 0.2 Stealth
 + Level 4.3 Shields


You had 5 spell levels left.
You didn't know any spells.
Your spell library contained the following spells:

 Spells                   Type           Power      Damage    Failure   Level
 Sandblast                Erth           0%         2d4       75%         1
 Passwall                 Tmut/Erth      0%         N/A       86%         2
 Conjure Flame            Conj/Fire      0%         6-21      98%         3
 Ignite Poison            Fire/Tmut/Pois 0%         N/A       98%         3
 Portal Projectile        Hex/Tloc       0%         N/A       98%         3
 Stone Arrow              Conj/Erth      0%         3d7       98%         3
 Tukima's Dance           Hex            0%         N/A       98%         3
 Sticky Flame             Conj/Fire      0%         2d3       100%        4
 Blade Hands              Tmut           0%         N/A       100%        5


Dungeon Overview and Level Annotations

Branches:
Dungeon (4/15)             Temple (0/1) D:4         Ossuary (1/1)

Altars:
Yredelemnul


Innate Abilities, Weirdness & Mutations

You are immune to sickness and miasma.
Your stone body is resilient. (AC +4)
You are immune to poison.
You resist negative energy. (rN+)
You are resistant to electric shocks. (rElec)
You are resistant to unholy torment.
You are immune to petrification.


Message History

The centaur zombie barely misses you. The centaur zombie hits you.
The centaur zombie kicks you but does no damage.
The centaur zombie hits you.
* * * LOW HITPOINT WARNING * * *
The centaur zombie kicks you but does no damage.
Okay, then.
As you read the scroll labelled BULEHE ENWOYSU, it crumbles to dust.
The scroll dissolves into smoke.
It was a scroll of fog.
The centaur zombie hits you but does no damage.
The centaur zombie kicks you but does no damage.
The centaur zombie hits you but does no damage.
The centaur zombie kicks you.
* * * LOW HITPOINT WARNING * * *
You block the centaur zombie's attack. x2
The centaur zombie hits you but does no damage.
The centaur zombie kicks you but does no damage.
The centaur zombie misses you.
The centaur zombie kicks you but does no damage.
The centaur zombie hits you but does no damage.
The centaur zombie kicks you but does no damage.
You puncture the centaur zombie!
The centaur zombie is almost destroyed.
The centaur zombie closely misses you.
The centaur zombie kicks you but does no damage.
The centaur zombie hits you.
* * * LOW HITPOINT WARNING * * *
The centaur zombie barely misses you.
The centaur zombie hits you but does no damage.
The centaur zombie kicks you but does no damage.
The centaur zombie hits you.
* * * LOW HITPOINT WARNING * * *
The centaur zombie kicks you but does no damage.
Unknown command.
It was a potion of attraction.
You feel attractive to monsters.
The centaur zombie hits you but does no damage.
The centaur zombie kicks you but does no damage.
You block the centaur zombie's attack. The centaur zombie barely misses you.
The centaur zombie hits you.
You die... ##### ##@Z§## #ZZZZ.#

#ZZ§§.#
#.....#
#.....#
#..∩..#
#.....#
#..∩..#
#.....#


You could see 2 hobgoblin zombies and 5 centaur zombies.

Vanquished Creatures
  A centaur zombie (Ossuary)
  A scorpion zombie (D:3)
  An orc wizard (D:3)
  A hound zombie (D:3)
  3 mummies (Ossuary)
  3 gnolls (D:2)
  7 adders
  An ufetubus (D:4)
  An adder zombie (D:3)
  4 worms
  3 orcs (D:3)
  4 ball pythons
  3 bats
  5 endoplasms
  2 giant cockroaches
  5 goblins
  4 hobgoblins
  3 jackals (D:2)
  8 kobolds
  3 quokkas (D:3)
  A frilled lizard (D:2)
  A hobgoblin zombie (Ossuary)
  6 rats
71 creatures vanquished.

Notes
Turn   | Place    | Note
-------+----------+-------------------------------------------
     0 | D:1      | xian the Gargoyle Fighter began the quest for the Orb.
     0 | D:1      | Reached XP level 1. HP: 14/14 MP: 1/1
   322 | D:1      | Reached XP level 2. HP: 11/19 MP: 2/2
   585 | D:1      | Found a faded altar of an unknown god.
  1097 | D:2      | Reached XP level 3. HP: 8/23 MP: 3/3
  1630 | D:2      | Reached XP level 4. HP: 20/28 MP: 4/4
  2218 | D:3      | Reached skill level 1 in Short Blades
  2295 | D:3      | Reached XP level 5. HP: 28/32 MP: 5/5
  2927 | D:3      | Found a basalt altar of Yredelemnul.
  3260 | D:4      | Reached XP level 6. HP: 37/37 MP: 6/6
  3369 | D:4      | Identified the +10 dagger "Fyuruama" {vorpal, Dex+2}
  3381 | D:4      | Found a sand-covered staircase.
  3426 | Ossuary  | Entered an ossuary
  3460 | Ossuary  | HP: 1/37 [centaur zombie (4)]
  3461 | Ossuary  | Slain by a centaur zombie

Illustrated notes

Levels and vault maps discovered:
D:1:      dpeg_arrival_three_same_balls, layout_basic,
          hellmonk_ecumenical_altar_run_dry, minmay_distorted
D:2:      layout_basic
D:3:      layout_basic, nicolae_yredelemnul_corpse_copse, supply_closet_lemuel,
          st_stairs_3
D:4:      layout_loops_corners, kennysheep_okawaru_gauntlet,
          minmay_temple_entry_sparse_star, enter_ossuary_1
Ossuary:  ossuary_the_hunt_dpeg

Skill      XL: |  1  2  3  4  5 |
---------------+----------------+-----
Maces & Flails | 3 4 |  4.4
Shields        | 4 |  4.3
Short Blades   | 1 |  1.1
Armour         | 4 |  4.9
Fighting       | |  3.6
Dodging        | |  0.1
Stealth        | |  0.2

Action                   |  1- 3 |  4- 6 || total
-------------------------+-------+-------++-------
Melee: Flail             |    47 |   102 ||   149
       Dagger            |    24 |    45 ||    69
  Use: Scroll            |     3 |     7 ||    10
       Potion            |       |     2 ||     2
Armor: Scale mail        |    27 |   131 ||   158
Dodge: Dodged            |    37 |    79 ||   116
Block: Buckler           |    19 |    43 ||    62

Table legend: (Time is in decaauts)
 A = Elapsed time spent in this place.
 B = Non-inter-level travel time spent in this place.
 C = Inter-level travel time spent in this place.
 D = Time resting spent in this place.
 E = Time spent auto-exploring this place.
 F = Levels seen in this place.
 G = Mean time per level.
                   A        B        C        D        E       F      G
               +--------+--------+--------+--------+--------+-----+--------+
         Total |   3499 |   3424 |     75 |      0 |   2297 |   5 |  699.8 |
       Dungeon |   3465 |   3390 |     75 |      0 |   2297 |   4 |  866.2 |
       Ossuary |     34 |     34 |      0 |      0 |      0 |   1 |   34.0 |
               +--------+--------+--------+--------+--------+-----+--------+

Top non-repeatable levels by time:
     D:3: 1132 daAuts
     D:2: 1121 daAuts
     D:1: 985 daAuts
     D:4: 226 daAuts
 Ossuary: 34 daAuts
